 Dungeon Crawl Stone Soup version 0.29-a0-490-g77b3608bb8 (webtiles) character file.

Game seed: 1333775382542472463

5582 pokeman the Thaumaturge (level 10, -13/54 HPs)
             Began as a Deep Elf Hedge Wizard on May 26, 2022.
             Was a Follower of Vehumet.
             Mangled by a white ugly thing (33 damage)
             ... on level 7 of the Dungeon on May 27, 2022.
             The game lasted 00:32:05 (12571 turns).

pokeman the Thaumaturge (Deep Elf Hedge Wizard)    Turns: 12571, Time: 00:32:06

Health: -13/54     AC: 13    Str:  7    XL:     10   Next: 44%
Magic:  9/29       EV: 13    Int: 24    God:    Vehumet [*.....]
Gold:   396        SH:  0    Dex: 18    Spells: 20/36 levels left

rFire   . . .      SeeInvis .   I - +5 dagger of the Gazing Madman {vamp, Dex+4}
rCold   . . .      Faith    .   (no shield)
rNeg    . . .      Spirit   .   Q - +0 steam dragon scales
rPois   +          Reflect  .   c - +0 hat
rElec   .          Harm     .   (no cloak)
rCorr   .          Rampage  .   G - +0 pair of gloves
Will    +....                   k - +2 pair of boots
Stlth   +++.......              (no amulet)
HPRegen 0.18/turn               j - +4 ring of protection
MPRegen 0.21/turn               x - ring of poison resistance

@: no status effects
A: no striking features
a: Renounce Religion


You were on level 7 of the Dungeon.
You worshipped Vehumet.
Vehumet was aware of your devotion.
You visited 2 branches of the dungeon, and saw 8 of its levels.
You also visited: Ossuary.

You collected 396 gold pieces.

Inventory:

Hand Weapons
 I - the +5 dagger of the Gazing Madman (weapon) {vamp, Dex+4}
   (You found it on level 5 of the Dungeon)

   It occasionally heals its wielder for a portion of the damage dealt when it
   wounds a living foe.
   Dex:       It affects your dexterity (+4).
Missiles
 M - a throwing net
Armour
 c - a +0 hat (worn)
 k - a +2 pair of boots (worn)
 G - a +0 pair of gloves (worn)
 Q - +0 steam dragon scales (worn)
 T - a +2 buckler of protection
Magical Staves
 s - a staff of cold
 w - a staff of conjuration
Jewellery
 j - a +4 ring of protection (left hand)
 x - a ring of poison resistance (right hand)
Wands
 L - a wand of polymorph (6)
 O - a wand of iceblast (11)
 P - a wand of mindburst (1)
 R - a wand of acid (6)
Scrolls
 a - a scroll of fog
 b - a scroll of enchant armour
 f - 3 scrolls of immolation
 h - 14 scrolls of identify {unknown}
 m - 7 scrolls of vulnerability {unknown}
 r - 2 scrolls of noise {unknown}
 t - 2 scrolls of enchant weapon {unknown}
 u - 2 scrolls of blinking {unknown}
 y - a scroll of poison {unknown}
 C - 5 scrolls of fear {unknown}
 D - a scroll of brand weapon {unknown}
 F - 2 scrolls of magic mapping {unknown}
 K - a scroll of torment {unknown}
Potions
 d - 2 potions of magic
 g - 2 potions of heal wounds {unknown}
 l - 4 potions of haste {unknown}
 n - 3 potions of brilliance {unknown}
 o - a potion of flight {unknown}
 p - 7 potions of curing
 q - a potion of berserk rage {unknown}
 v - 2 potions of resistance {unknown}
 z - 2 potions of invisibility {unknown}
 A - 2 potions of degeneration {unknown}
 B - a potion of attraction {unknown}
 H - a potion of ambrosia {unknown}
 J - 2 potions of might {unknown}
 N - a potion of mutation {unknown}
 S - a potion of lignification {unknown}


   Skills:
 + Level 2.4 Fighting
 - Level 3.0 Armour
 - Level 3.2 Dodging
 - Level 3.2 Stealth
 - Level 3.0 Shields
 * Level 13.5 Spellcasting
 + Level 7.7 Conjurations
 - Level 1.1 Summonings
 - Level 1.0 Necromancy
 - Level 1.1 Translocations
 + Level 6.7 Fire Magic
 - Level 1.1 Ice Magic
 - Level 1.3 Air Magic
 - Level 1.2 Poison Magic
 - Level 1.1 Evocations


You had 20 spell levels left.
You knew the following spells:

 Your Spells              Type           Power      Damage    Failure   Level
a - Magic Dart            Conj           100%       1d8       1%          1
b - Mephitic Cloud        Conj/Pois/Air  32%        N/A       2%          3
c - Call Imp              Summ           21%        N/A       3%          2
d - Blink                 Tloc           42%        N/A       3%          2
e - Conjure Flame         Conj/Fire      50%        6-21      1%          3
f - Foxfire               Conj/Fire      100%       2x1d9     1%          1
g - Shock                 Conj/Air       100%       1d9       1%          1
h - Swiftness             Air            22%        N/A       6%          3

Your spell library contained the following spells:

 Spells                   Type           Power      Damage    Failure   Level
 Slow                     Hex            64%        N/A       3%          1
 Call Canine Familiar     Summ           21%        N/A       7%          3
 Portal Projectile        Hex/Tloc       36%        N/A       9%          3
 Airstrike                Air            11%        N/A       22%         4
 Leda's Liquefaction      Hex/Erth       8%         N/A       36%         4
 Manifold Assault         Tloc           21%        N/A       54%         5
 Storm Form               Tmut/Air       9%         N/A       100%        7


Dungeon Overview and Level Annotations

Branches:
Dungeon (7/15)             Temple (1/1) D:6         Ossuary (visited)

Altars:
Dithmenos
Hepliaklqana
Okawaru
Ru
Sif Muna
Trog
Vehumet
Xom
Yredelemnul
Zin

Annotations:
D:7 2 transporters, iguanaiguana's ghost, novice MiCA


Message History

The white ugly thing closely misses you.
The white ugly thing is engulfed in noxious fumes.
The white ugly thing appears confused.
The white ugly thing barely misses the white ugly thing.
Unknown command.
Unknown command.
The white ugly thing is engulfed in noxious fumes.
The white ugly thing appears confused.
The white ugly thing is engulfed in noxious fumes.
The white ugly thing is engulfed in noxious fumes.
Casting: Mephitic Cloud (dangerous; 2% risk of failure)
Confirm with . or Enter, or press ? or * to list all spells.
The fire begins to smoulder!
The fire ignites!
Items here: )) [[.
Casting: Conjure Flame (safe; 1% risk of failure)
Confirm with . or Enter, or press ? or * to list all spells.
The fire begins to smoulder!
The white ugly thing seems less confused.
The fire ignites!
Casting: Conjure Flame (safe; 1% risk of failure)
Confirm with . or Enter, or press ? or * to list all spells.
The fire begins to smoulder!
The white ugly thing is engulfed in blazing flames.
The fire ignites!
Casting: Conjure Flame (safe; 1% risk of failure)
Confirm with . or Enter, or press ? or * to list all spells.
You conjure some foxfire!
The white ugly thing is engulfed in blazing flames.
Casting: Foxfire (safe; 1% risk of failure)
Confirm with . or Enter, or press ? or * to list all spells.
You conjure some foxfire!
The foxfire hits the white ugly thing but does no damage.
The white ugly thing is moderately wounded.
The foxfire hits the white ugly thing.
The white ugly thing is heavily wounded.
The white ugly thing is engulfed in blazing flames.
The white ugly thing pecks you. The white ugly thing freezes you!!
Ouch! That really hurt!
You die...

..#..#.#.#..##.....## #.. ##
..#..........###.### #.. ##
..#....#...#.#.....# #..#.
..#........#.#.....# #.#.
...........#.#.....# #..
........<..#.#.....# #.
....#......#.#.....# #.
^.........#..###.### ##
.........#..##.v@..# ###
...........####vu.### ##u.
..........###.##§##.##########.##
..........#.##.#§#.##.#..#..#)###
......#...#..##...##..#.....#.##.
......#...#.....⌠u.....#...#.##.#
......#...#..##...##..#.....###.#
......#...#.##.#.#.##.#..#..##.##
..........###.##.##.##########T##


You could see 2 ugly things.

Vanquished Creatures
  A two-headed ogre (D:7)
  A manticore (D:7)
  2 cyclopes (D:7)
  Maggie (D:7)
  A troll (D:7)
  Sigmund (D:4)
  A wraith (Ossuary)
  Edmund (D:4)
  A water moccasin (D:7)
  4 orc warriors (D:7)
  2 ice beasts (D:5)
  4 sky beasts (D:7)
  A black bear (D:4)
  4 ogres
  2 phantoms
  A kobold brigand (D:7)
  2 gnoll sergeants (D:7)
  2 necrophages (D:7)
  2 scorpions
  4 wights (D:7)
  An electric eel (D:6)
  9 hounds
  A gnoll shaman (D:6)
  A jelly (D:7)
  An iguana (D:6)
  3 mummies (Ossuary)
  7 gnolls
  An adder (D:4)
  3 shadow imps (D:7)
  3 white imps
  An ufetubus (D:7)
  7 worms
  5 dart slugs
  7 orcs
  6 ball pythons
  5 bats
  10 endoplasms
  2 giant cockroaches
  A gnoll zombie (D:4)
  7 goblins
  4 hobgoblins
  5 jackals (D:1)
  9 kobolds
  3 quokkas
  4 frilled lizards
  2 goblin zombies (Ossuary)
  4 hobgoblin zombies
  An orc zombie (Ossuary)
  10 rats
  A rat zombie (D:4)
162 creatures vanquished.

Vanquished Creatures (collateral kills)
  An adder (D:4)
  An endoplasm (D:4)
  2 hobgoblins (D:4)
4 creatures vanquished.

Vanquished Creatures (others)
  A kobold (D:7)
  25 foxfires (D:7)
26 creatures vanquished.

Grand Total: 192 creatures vanquished

Notes
Turn   | Place    | Note
-------+----------+-------------------------------------------
     0 | D:1      | pokeman the Deep Elf Hedge Wizard began the quest for the
                  | Orb.
     0 | D:1      | Reached XP level 1. HP: 10/10 MP: 7/7
   355 | D:1      | Reached XP level 2. HP: 16/16 MP: 2/9
  1006 | D:1      | Reached skill level 5 in Spellcasting
  1312 | D:1      | Reached XP level 3. HP: 20/20 MP: 5/11
  1316 | D:1      | Learned a level 3 spell: Mephitic Cloud
  1319 | D:1      | Learned a level 2 spell: Call Imp
  1322 | D:1      | Learned a level 2 spell: Blink
  1326 | D:1      | Learned a level 3 spell: Conjure Flame
  2398 | D:2      | Found an iron altar of Okawaru.
  2800 | D:3      | Reached skill level 1 in Fighting
  2800 | D:3      | Reached skill level 1 in Armour
  2926 | D:3      | Reached XP level 4. HP: 25/25 MP: 5/13
  3125 | D:3      | Found a faded altar of an unknown god.
  3762 | D:4      | Noticed an ogre
  3792 | D:4      | Reached skill level 1 in Fire Magic
  3895 | D:4      | Reached skill level 6 in Spellcasting
  3960 | D:4      | Noticed a black bear
  3969 | D:4      | Killed a black bear
  3970 | D:4      | Reached skill level 1 in Ice Magic
  3970 | D:4      | Reached XP level 5. HP: 27/29 MP: 10/16
  4031 | D:4      | Found a sand-covered staircase.
  4044 | Ossuary  | Entered an ossuary
  4044 | Ossuary  | Noticed a wraith
  4044 | Ossuary  | Noticed a wraith
  4044 | Ossuary  | Noticed a wraith
  4701 | Ossuary  | Noticed a wraith
  4739 | Ossuary  | Killed a wraith
  4740 | Ossuary  | Reached skill level 7 in Spellcasting
  4740 | Ossuary  | Reached skill level 1 in Air Magic
  4740 | Ossuary  | Reached XP level 6. HP: 17/34 MP: 5/18
  5136 | D:4      | Noticed Edmund
  5343 | D:4      | Killed Edmund
  5344 | D:4      | Reached skill level 1 in Poison Magic
  5344 | D:4      | Reached skill level 1 in Evocations
  5344 | D:4      | Reached XP level 7. HP: 12/38 MP: 3/20
  5595 | D:4      | Noticed Sigmund
  5612 | D:4      | Killed Sigmund
  5613 | D:4      | Reached skill level 8 in Spellcasting
  6051 | D:5      | Entered Level 5 of the Dungeon
  6293 | D:5      | Found a basalt altar of Yredelemnul.
  6809 | D:5      | Reached skill level 9 in Spellcasting
  6809 | D:5      | Reached XP level 8. HP: 44/44 MP: 6/23
  6924 | D:5      | Identified the +5 dagger of the Gazing Madman {vamp, Dex+4}
  7734 | D:6      | Reached skill level 5 in Conjurations
  7772 | D:6      | Found a staircase to the Ecumenical Temple.
  7781 | Temple   | Entered the Ecumenical Temple
  7787 | Temple   | Became a worshipper of Vehumet
  7819 | D:6      | Noticed a moth of wrath
  7822 | D:6      | Found a bloodstained altar of Trog.
  8445 | D:6      | Reached skill level 10 in Spellcasting
  8828 | D:6      | Found a glowing silver altar of Zin.
  9113 | D:7      | Found a transporter.
  9119 | D:7      | Found a bloodstained altar of Trog.
  9119 | D:7      | Noticed a moth of wrath
  9121 | D:7      | Found a transporter.
  9131 | D:7      | Noticed iguanaiguana's ghost (novice MiCA)
  9212 | D:7      | Found an iron altar of Okawaru.
  9218 | D:7      | Noticed Maggie
  9745 | D:7      | Reached XP level 9. HP: 33/48 MP: 20/25
  9862 | D:7      | Reached skill level 1 in Necromancy
 10082 | D:7      | Found a shimmering altar of Xom.
 10121 | D:7      | Learned a level 1 spell: Shock
 10128 | D:7      | Reached * piety under Vehumet
 10128 | D:7      | Offered knowledge of Freeze by Vehumet.
 10129 | D:7      | Reached skill level 11 in Spellcasting
 10338 | D:7      | Reached skill level 5 in Fire Magic
 10412 | D:7      | Reached skill level 1 in Shields
 10416 | D:7      | Learned a level 3 spell: Swiftness
 10703 | D:7      | Noticed a cyclops
 10703 | D:7      | Noticed a cyclops
 10707 | D:7      | Noticed a manticore
 10710 | D:7      | Killed a cyclops
 10711 | D:7      | Reached skill level 12 in Spellcasting
 10712 | D:7      | Noticed a white ugly thing
 10715 | D:7      | Noticed a white ugly thing
 10716 | D:7      | Identified the +6 hand crossbow of Asesyphast {vorpal,
                  | rPois rCorr Dex+4}
 10718 | D:7      | Killed a cyclops
 10722 | D:7      | Killed a manticore
 10723 | D:7      | Reached XP level 10. HP: 53/53 MP: 21/28
 11217 | D:7      | Killed Maggie
 11588 | D:7      | Noticed a two-headed ogre
 11607 | D:7      | Killed a two-headed ogre
 11608 | D:7      | Reached skill level 13 in Spellcasting
 11610 | D:7      | Offered knowledge of Foxfire by Vehumet.
 11613 | D:7      | Learned a level 1 spell: Foxfire
 11924 | D:7      | Found a shadowy altar of Dithmenos.
 12571 | D:7      | Mangled by a white ugly thing

Illustrated notes

Levels and vault maps discovered:
D:1:      sevenhm_arrival_forest_fort_large_4, layout_basic, minivault_5,
          glass_columns_c
D:2:      layout_basic, basic_altar, wad_floor_pattern_1
D:3:      layout_rooms, hellmonk_ecumenical_altar_blasted, minmay_door_square,
          minmay_cut_off
D:4:      minmay_wonky_spiral, layout_basic, enter_ossuary_3,
          gup_sewer_entry_bowl, uniq_edmund, uniq_sigmund
D:5:      layout_layer_cave, mainiacjoe_overflow_paths, st_stairs_4
D:6:      layout_basic, zin_treasury, tgw_trog, minmay_temple_entry_sparse_star,
          nicolae_lava_and_water
D:7:      minmay_the_grid_octo_tiled_octocenter
          [minmay_the_grid_octo_vomiting_pacman, minmay_the_grid_octo_pinwheel,
          minmay_the_grid_octo_clover_2, minmay_the_grid_octo_fan_narrow,
          minmay_the_grid_octo_prize_star, minmay_the_grid_square_5x5_lines,
          minmay_the_grid_square_5x5_dogpile, minmay_the_grid_square_5x5_fat_x,
          minmay_the_grid_square_5x5_two_walls_b], layout_basic,
          okawaru_gym_becter, gammafunk_ghost_wrathful_warriors,
          grunt_ministairs_4, st_stairs_12, uniq_maggie
Temple:   eino_temple_rhombus

Skill      XL: |  1  2  3  4  5  6  7  8  9 10 |
---------------+-------------------------------+-----
Spellcasting   | 5 6 7 9 10 12 13 | 13.5
Conjurations   | 2 3 4 5 7 |  7.7
Fighting       | 1 2 |  2.4
Armour         | 1 2 3 |  3.0
Fire Magic     | 1 2 4 6 |  6.7
Dodging        | 3 |  3.2
Ice Magic      | 1 |  1.1
Stealth        | 3 |  3.2
Air Magic      | 1 |  1.3
Poison Magic   | 1 |  1.2
Evocations     | 1 |  1.1
Necromancy     | 1 |  1.0
Shields        | 2 3 |  3.0
Summonings     | |  1.1
Translocations | |  1.1

Action                   |  1- 3 |  4- 6 |  7- 9 | 10-12 || total
-------------------------+-------+-------+-------+-------++-------
Melee: Dagger            |    20 |       |    81 |    18 ||   119
       Staff             |       |    12 |     3 |       ||    15
       Punch             |       |       |     3 |       ||     3
 Cast: Magic Dart        |   118 |   125 |   148 |       ||   391
       Call Imp          |       |     8 |     4 |     3 ||    15
       Mephitic Cloud    |       |     8 |    24 |    10 ||    42
       Conjure Flame     |       |     7 |    21 |     9 ||    37
       Blink             |       |     4 |     1 |     4 ||     9
       Shock             |       |       |    55 |    19 ||    74
       Foxfire           |       |       |       |    15 ||    15
Evoke: Wand              |       |    19 |       |       ||    19
  Use: Scroll            |       |       |       |     4 ||     4
 Stab: Sleeping          |       |     1 |       |       ||     1
       Confused          |       |     1 |    10 |     2 ||    13
Armor: Robe              |     2 |       |       |       ||     2
       Leather armour    |    13 |    20 |    37 |       ||    70
       Steam dragon scal |       |       |       |    10 ||    10
Dodge: Dodged            |    35 |    51 |    43 |    26 ||   155

Table legend: (Time is in decaauts)
 A = Elapsed time spent in this place.
 B = Non-inter-level travel time spent in this place.
 C = Inter-level travel time spent in this place.
 D = Time resting spent in this place.
 E = Time spent auto-exploring this place.
 F = Levels seen in this place.
 G = Mean time per level.
                   A        B        C        D        E       F      G
               +--------+--------+--------+--------+--------+-----+--------+
         Total |  12584 |  12311 |    273 |   1183 |   8985 |   9 | 1398.2 |
       Dungeon |  11485 |  11217 |    268 |   1183 |   8049 |   7 | 1640.7 |
        Temple |     12 |      7 |      5 |      0 |      0 |   1 |   12.0 |
       Ossuary |   1086 |   1086 |      0 |      0 |    936 |   1 | 1086.0 |
               +--------+--------+--------+--------+--------+-----+--------+

Top non-repeatable levels by time:
     D:7: 3330 daAuts
     D:1: 1891 daAuts
     D:5: 1610 daAuts
     D:6: 1567 daAuts
     D:4: 1258 daAuts
 Ossuary: 1086 daAuts
     D:3: 979 daAuts
     D:2: 848 daAuts
  Temple: 12 daAuts
